 Dungeon Crawl Stone Soup version 0.31-a0-851-g7ff8af7976 (webtiles) character file.

Game seed: 2229368162401565203

70 PaleRider the Digger (level 4, -4/27 HPs)
             Began as a Gargoyle Earth Elementalist on Oct 6, 2023.
             Slain by a gnoll
             ... wielding a +0 halberd
              (8 damage)
             ... on level 2 of the Dungeon.
             The game lasted 00:04:52 (906 turns).

PaleRider the Digger (Gargoyle Earth Elementalist)   Turns: 906, Time: 00:04:52

Health: -4/27      AC: 13    Str: 13    XL:     4   Next: 22%
Magic:  5/7        EV: 12    Int: 16    God:
Gold:   31         SH:  0    Dex: 10    Spells: 7/8 levels left

rFire   + . .        h - +0 short sword (drain)
rCold   + . .        (no shield)
rNeg    + . .        a - +1 robe
rPois   ∞            (no helmet)
rElec   +            (no cloak)
rCorr   +            (no gloves)
SInv    .            i - +2 pair of boots
Will    .....        (no amulet)
Stlth   ++           p - +4 ring of protection
HPRegen 0.24/turn    (no ring)
MPRegen 0.10/turn

%: no passive effects
@: resistant
A: sickness immunity, AC +3, negative energy resistance 1, electricity
resistance, torment resistance 1, petrification resistance
a: no special abilities


You were on level 2 of the Dungeon.
You visited 1 branch of the dungeon, and saw 2 of its levels.

You collected 31 gold pieces.

Inventory:

Hand Weapons
 d - a +0 club
 h - a +0 short sword of draining (weapon)
 k - a +0 mace
Missiles
 f - 24 stones
Armour
 a - a +1 robe (worn)
 i - a +2 pair of boots (worn)
 s - a +0 plate armour
Jewellery
 c - a ring of fire
 n - a ring of ice
 p - a +4 ring of protection (left hand)
Scrolls
 e - a scroll of enchant armour
 m - a scroll of silence {unknown}
 o - a scroll of teleportation {unknown}
 q - a scroll of blinking {unknown}
 r - a scroll of identify {unknown}
Potions
 b - a potion of magic
 j - a potion of heal wounds {unknown}
 l - a potion of ambrosia {unknown}


   Skills:
 * Level 2.4 Fighting
 - Level 1.7 Dodging
 - Level 2.3 Stealth
 + Level 2.5 Spellcasting
 - Level 1.0 Transmutations
 + Level 4.2 Earth Magic


You had 7 spell levels left.
You knew the following spells:

 Your Spells              Type           Power      Damage    Failure   Level
a - Sandblast             Erth           30%        2d9       3%          1

Your spell library contained the following spells:

 Spells                   Type           Power      Damage    Failure   Level
 Passwall                 Tmut/Erth      8%         N/A       10%         2
 Stone Arrow              Conj/Erth      16%        3d8       24%         3
 Petrify                  Tmut/Erth      10%        N/A       54%         4
 Brom's Barrelling Bould  Conj/Erth      8%         2d3       63%         4


Dungeon Overview and Level Annotations

Branches:
Dungeon (2/15)

Altars:

Shops:
D:1 (


Innate Abilities, Weirdness & Mutations

You are immune to sickness and miasma.
Your stone body is resilient. (AC +3)
You are immune to poison.
You resist negative energy. (rN+)
You are resistant to electric shocks. (rElec)
You are resistant to unholy torment.
You are immune to petrification.


Message History

The gnoll attacks as it pursues you! The gnoll hits you with a +0 whip.
The gnoll attacks as it pursues you! The gnoll closely misses you.
You take 5 damage, and have 16/26 hp.
The gnoll attacks as it pursues you! The gnoll barely misses you.
The gnoll attacks as it pursues you!
The gnoll hits you from afar with a +0 halberd.
* * * LOW HITPOINT WARNING * * *
You take 3 damage, and have 13/26 hp.
Okay, then.
You closely miss the gnoll. The gnoll closely misses you.
You hit the gnoll but do no damage. You drain the gnoll.
The gnoll is moderately wounded.
The gnoll barely misses you. The gnoll closely misses you.
You hit the gnoll but do no damage.
The gnoll is moderately wounded.
The gnoll misses you. The gnoll barely misses you.
You hit the gnoll. You drain the gnoll.
The gnoll is severely wounded.
The gnoll hits you but does no damage. x2
You hit the gnoll. You drain the gnoll.
The gnoll is almost dead.
The gnoll hits you from afar with a +0 halberd!
* * * LOW HITPOINT WARNING * * *
The gnoll misses you.
You take 12 damage, and have 3/26 hp.
Okay, then.
You hit the gnoll.
You kill the gnoll!
The gnoll hits you but does no damage. The gnoll attacks as it pursues you!
The gnoll barely misses you.
Okay, then.
Okay, then.
Unknown command.
You aren't carrying any items that you can evoke.
Unknown command.
Unknown command.
It was a potion of resistance.
You feel protected.
The gnoll hits you from afar with a +0 halberd!
You die...

................. #
###............... ..
......#...>.......
.####...............
....................
#.#####.#.#.##...#######
............†)........
........#.#.##.#.#####
####@#.#.##.#.#
#.#####.#g#.##S#.#
.......g#.#.##g#
........).#.##..
#.##.##.#.#.##.#. #.
#.#.#.##.#g# # #.#.# #.#
# #.#.. ..# #.### #.#


You could see a gnoll.

Vanquished Creatures
  3 gnolls (D:2)
  A dart slug (D:1)
  A ball python (D:2)
  4 bats
  An endoplasm (D:1)
  3 giant cockroaches (D:1)
  10 goblins (D:1)
  3 hobgoblins (D:1)
  2 jackals (D:1)
  A frilled lizard (D:1)
  4 kobolds (D:1)
  3 rats (D:1)
36 creatures vanquished.

Notes
Turn   | Place    | Note
-------+----------+-------------------------------------------
     0 | D:1      | PaleRider the Gargoyle Earth Elementalist began the quest
                  | for the Orb.
     0 | D:1      | Reached XP level 1. HP: 10/10 MP: 3/3
    21 | D:1      | Found Emieb's Weapon Shoppe.
    90 | D:1      | Reached skill level 1 in Transmutations
    90 | D:1      | Reached XP level 2. HP: 15/15 MP: 3/5
   368 | D:1      | Reached skill level 1 in Fighting
   377 | D:1      | Reached XP level 3. HP: 20/20 MP: 2/6
   389 | D:1      | Reached skill level 4 in Earth Magic
   888 | D:2      | Reached XP level 4. HP: 21/26 MP: 3/7
   906 | D:2      | Slain by a gnoll

Illustrated notes

Levels and vault maps discovered:
D:1:      minmay_arrival_pointy, layout_rooms, serial_shops, shop,
          minmay_bisected
D:2:      layout_basic, minmay_quadrilaterals, uniq_terence

Skill      XL: |  1  2  3 |
---------------+----------+-----
Transmutations | 1 |  1.0
Fighting       | 1 2 |  2.4
Earth Magic    | 4 |  4.2
Dodging        | |  1.7
Stealth        | |  2.3
Spellcasting   | |  2.5

Action                     |  1- 3 |  4- 6 || total
---------------------------+-------+-------++-------
  Melee: Short sword       |    28 |     8 ||    36
   Cast: Sandblast         |    34 |       ||    34
    Use: Scroll            |     1 |       ||     1
         Potion            |       |     1 ||     1
 Armour: Robe              |    17 |     8 ||    25
  Dodge: Dodged            |    26 |    11 ||    37

Table legend: (Time is in decaauts)
 A = Elapsed time spent in this place.
 B = Non-inter-level travel time spent in this place.
 C = Inter-level travel time spent in this place.
 D = Time resting spent in this place.
 E = Time spent auto-exploring this place.
 F = Levels seen in this place.
 G = Mean time per level.
                   A        B        C        D        E       F      G
               +--------+--------+--------+--------+--------+-----+--------+
         Total |    922 |    922 |      0 |     52 |    589 |   2 |  461.0 |
       Dungeon |    922 |    922 |      0 |     52 |    589 |   2 |  461.0 |
               +--------+--------+--------+--------+--------+-----+--------+

Top non-repeatable levels by time:
     D:1: 808 daAuts
     D:2: 113 daAuts
